Stars vs Rangers

Created - January 18, 2016 at 17:16

Goals
1 2 3 T
Stars 1 1 0 2
Rangers 0 0 1 1
Shots
1 2 3 T
Stars 5 11 12 28
Rangers 7 11 7 25

1st period

1. Stars , Patrik Elias 12 (Ryan Callahan, Jonathan Huberdeau) at 0:27

Penalties :
Zdeno Chara (DAL) for Interference (Minor) at 4:59, Zemgus Girgensons (NYR) for Interference (Minor) at 16:59

2nd period

2. Stars , Tyler Seguin 22 (Zdeno Chara, John Mitchell) at 3:23

Penalties :
Anton Volchenkov (NYR) for Hooking (Minor) at 9:49, Tomas Tatar (NYR) for Hooking (Minor) at 12:54

3rd period

3. Rangers , Jaromir Jagr 8 (Alex Goligoski, Kris Russell) at 4:30

Penalties :
Tomas Tatar (NYR) for Slashing (Minor) at 12:21

Goalie Stats

Jonathan Quick (DAL), 24 saves from 25 shots - (0.960), W, 26-18-4, 60:00 minutes
Brian Elliott (NYR), 26 saves from 28 shots - (0.929), L, 20-20-1, 59:25 minutes

Players Stats for Stars

Player Name              G  A  P  +/- PIM S  H  SB GA TA FO     MP     PP MP  PK MP  
------------------------------------------------------------------------------------
Brad Malone              0  0  0   0  0   0  1  0  0  0  1/1     4:23   2:00   0:00 
Brandon Manning          0  0  0   0  0   0  0  0  0  0  0/0     0:00   0:00   0:00 
Clayton Stoner           0  0  0   0  0   0  0  1  0  0  0/0     2:05   0:57   0:39 
David Backes             0  0  0  -1  0   4  2  0  0  0  0/0    22:05   2:56   0:57 
Evgeni Malkin            0  0  0  -1  0   1  0  1  0  0  14/32  22:40   3:44   0:00 
John Mitchell            0  1  1   1  0   2  0  0  0  0  2/2    12:17   0:00   0:00 
Jonathan Huberdeau       0  1  1   1  0   3  0  1  0  0  7/18   18:52   0:00   0:00 
Mark Stuart              0  0  0   0  0   0  1  0  0  0  0/0    15:11   0:00   0:54 
Nikita Kucherov          0  0  0  -1  0   4  0  0  0  0  1/2    21:06   3:36   0:57 
Olli Maatta              0  0  0   0  0   4  0  0  0  0  0/0    21:55   3:42   1:05 
Patrik Elias             1  0  1   1  0   2  0  0  0  0  0/0    22:09   3:17   0:00 
Paul Byron               0  0  0   1  0   1  1  0  0  0  0/4    16:55   3:36   1:02 
Rob Scuderi              0  0  0   1  0   0  0  0  0  0  0/0    15:49   0:00   0:00 
Ryan Callahan            0  1  1   1  0   2  3  0  0  0  1/1    21:58   4:12   0:00 
Shea Weber               0  0  0   0  0   1  3  3  0  0  0/0    24:32   3:42   1:20 
Tyler Seguin             1  0  1   1  0   4  0  0  0  0  8/21   18:53   3:44   1:02 
Vyacheslav Voynov        0  0  0   0  0   0  0  0  0  0  0/0    14:17   0:00   0:00 
Zdeno Chara              0  1  1   1  2   0  1  0  0  0  0/0    22:53   4:14   0:00 

Players Stats for Rangers

Player Name              G  A  P  +/- PIM S  H  SB GA TA FO     MP     PP MP  PK MP  
------------------------------------------------------------------------------------
Alex Goligoski           0  1  1  -1  0   0  0  1  0  0  0/0    25:11   0:55   4:11 
Anton Volchenkov         0  0  0   0  2   0  0  2  0  0  0/0    13:30   0:00   0:00 
Benoit Pouliot           0  0  0   0  0   2  0  1  0  0  0/0    12:28   1:04   0:28 
Brad Richards            0  0  0   0  0   0  0  0  0  0  5/5     6:02   0:00   0:47 
Chris Tanev              0  0  0   0  0   0  0  0  0  0  0/0    18:52   0:55   0:40 
Craig Smith              0  0  0   0  0   3  0  0  0  0  1/2    12:00   1:04   0:00 
David Jones              0  0  0   0  0   0  1  0  0  0  0/0     5:15   0:00   0:00 
Eric Brewer              0  0  0   0  0   0  0  0  0  0  0/0    15:48   0:00   3:05 
Jaromir Jagr             1  0  1  -1  0   4  0  0  0  0  0/0    20:17   0:55   0:00 
Karl Alzner              0  0  0   0  0   0  2  0  0  0  0/0    21:18   1:04   3:45 
Kris Russell             0  1  1  -1  0   1  0  2  0  0  0/0    25:20   1:04   4:11 
Lance Bouma              0  0  0   0  0   3  1  0  0  0  6/14   13:10   0:00   2:14 
Matt Calvert             0  0  0   0  0   1  0  0  0  0  0/1     5:15   0:00   0:00 
Mikael Backlund          0  0  0   0  0   1  0  1  0  0  1/1    18:56   0:00   5:14 
Sean Couturier           0  0  0   0  0   2  1  0  0  0  15/24  18:59   0:00   5:17 
Tomas Tatar              0  0  0  -1  4   2  3  0  0  0  1/2    21:14   1:04   0:00 
Tyler Ennis              0  0  0   0  0   3  1  0  0  0  1/3    15:27   0:55   0:00 
Zemgus Girgensons        0  0  0  -1  2   3  3  0  0  0  17/29  22:58   0:55   1:52 

3 Stars

1 - Jonathan Quick (DAL)
2 - Patrik Elias (DAL)
3 - Tyler Seguin (DAL)

Power Play

Stars - 0 on 4 Attempt(s) - 0.00%
Rangers - 0 on 1 Attempt(s) - 0.00%

Penalty Kill

Stars - 1 on 1 Attempt(s) - 100.00% - Score 0 goal in Penalty Kill
Rangers - 4 on 4 Attempt(s) - 100.00% - Score 0 goal in Penalty Kill

Team Stat

Stars - Hits : 12 - Faceoff Wins : 34 - Blocked Shots : 6 - Penalty Minutes : 2
Rangers - Hits : 12 - Faceoff Wins : 47 - Blocked Shots : 7 - Penalty Minutes : 8

Official

Referees : Dave Jackson and Jean Hebert
Linesman : Darren Gibbs and Mark Wheler

Game Notes

No Game Note

Finance

Level 1 -- Attendance: 4847 (74.57%) -- Ticket Income $605,875
Level 2 -- Attendance: 4869 (97.38%) -- Ticket Income $365,175
Level 3 -- Attendance: 3444 (98.40%) -- Ticket Income $172,200
Level 4 -- Attendance: 2006 (100.00%) -- Ticket Income $50,150
Luxury Box -- Attendance: 770 (77.00%) -- Ticket Income $192,500
Game was played at the Madison Square Garden.
Total Attendance: 15936 (88.50%)
Total Ticket Income: $1,385,900
Other Income: $207,885
Total Income: $1,593,785

% Time on Ice - Stars

Lines # - Real PCT - Wanted PCT - Time Play
Normal Forward
1 - 33% - 35% - 16:12
2 - 38% - 35% - 18:52
3 - 25% - 20% - 12:17
4 - 5% - 10% - 2:23
Normal Defense
1 - 32% - 40% - 15:49
2 - 34% - 35% - 17:08
3 - 29% - 15% - 14:17
4 - 5% - 10% - 2:30
PP Forward
1 - 47% - 50% - 3:44
2 - 53% - 50% - 4:12
PP Defense
1 - 53% - 50% - 4:14
2 - 47% - 50% - 3:42
PK Forward
1 - 52% - 50% - 1:02
2 - 48% - 50% - 0:57
PK Defense
1 - 45% - 50% - 0:54
2 - 55% - 50% - 1:05
PK3 Forward
1 - 0% - 50%
2 - 0% - 50%
PK3 Defense
1 - 0% - 50%
2 - 0% - 50%
44 Forward
1 - 0% - 50%
2 - 0% - 50%
44 Defense
1 - 0% - 50%
2 - 0% - 50%
Last Minute Offensive  - 0:00
Last Minute Defensive  - 0:21
Total
Forward - 60:00
Defense - 60:00

% Time on Ice - Rangers

Lines # - Real PCT - Wanted PCT - Time Play
Normal Forward
1 - 39% - 40% - 19:22
2 - 28% - 30% - 13:42
3 - 22% - 20% - 10:56
4 - 11% - 10% - 5:15
Normal Defense
1 - 37% - 40% - 18:15
2 - 33% - 30% - 16:29
3 - 27% - 20% - 13:31
4 - 2% - 10% - 1:00
PP Forward
1 - 46% - 60% - 0:55
2 - 54% - 40% - 1:04
PP Defense
1 - 46% - 60% - 0:55
2 - 54% - 40% - 1:04
PK Forward
1 - 72% - 60% - 5:42
2 - 28% - 40% - 2:14
PK Defense
1 - 53% - 60% - 4:11
2 - 47% - 40% - 3:45
PK3 Forward
1 - 0% - 60%
2 - 0% - 40%
PK3 Defense
1 - 0% - 60%
2 - 0% - 40%
44 Forward
1 - 0% - 60%
2 - 0% - 40%
44 Defense
1 - 0% - 60%
2 - 0% - 40%
Last Minute Offensive  - 0:50
Last Minute Defensive  - 0:00
Total
Forward - 60:00
Defense - 60:00

Play by Play

1st period


0:01 of 1st period - Zemgus Girgensons wins face-off versus Evgeni Malkin in neutral zone.
0:23 of 1st period - Icing by Kris Russell.
0:24 of 1st period - Jonathan Huberdeau wins face-off versus Zemgus Girgensons in Rangers zone.
0:25 of 1st period - Shot by Ryan Callahan.
0:25 of 1st period - Stopped by Brian Elliott with a rebound.
0:27 of 1st period - Shot by Patrik Elias.
0:27 of 1st period - Goal by Patrik Elias - Stars : 1 - Rangers : 0.
0:28 of 1st period - Sean Couturier wins face-off versus Jonathan Huberdeau in neutral zone.
0:59 of 1st period - Sean Couturier is hit by Shea Weber and loses puck.
1:59 of 1st period - Shot by Benoit Pouliot.
1:59 of 1st period - Shot Misses the Net.
2:05 of 1st period - Shot by Benoit Pouliot.
2:05 of 1st period - Stopped by Jonathan Quick without a rebound.
2:06 of 1st period - Evgeni Malkin wins face-off versus Zemgus Girgensons in Stars zone.
2:06 of 1st period - Evgeni Malkin is hit by Tomas Tatar.
2:12 of 1st period - Off-side.
2:13 of 1st period - Zemgus Girgensons wins face-off versus Evgeni Malkin in neutral zone.
3:22 of 1st period - Icing by Kris Russell.
3:23 of 1st period - Zemgus Girgensons wins face-off versus Tyler Seguin in Rangers zone.
3:28 of 1st period - Mark Stuart is hit by Zemgus Girgensons.
3:50 of 1st period - Shot by Tyler Seguin.
3:50 of 1st period - Stopped by Brian Elliott without a rebound.
3:51 of 1st period - Sean Couturier wins face-off versus Jonathan Huberdeau in Rangers zone.
3:51 of 1st period - Karl Alzner is hit by Ryan Callahan and loses puck.
4:25 of 1st period - Icing by Olli Maatta.
4:26 of 1st period - Lance Bouma wins face-off versus Jonathan Huberdeau in Stars zone.
4:26 of 1st period - Lance Bouma is hit by Shea Weber.
4:37 of 1st period - Benoit Pouliot is hit by Shea Weber and loses puck.
4:56 of 1st period - Shot by Craig Smith.
4:56 of 1st period - Stopped by Jonathan Quick without a rebound.
4:57 of 1st period - Brad Richards wins face-off versus Evgeni Malkin in Stars zone.
4:59 of 1st period - Minor Penalty to Zdeno Chara for Interference.
5:00 of 1st period - Tyler Seguin wins face-off versus Tyler Ennis in Stars zone.
5:13 of 1st period - Shot by Zemgus Girgensons.
5:13 of 1st period - Shot Misses the Net.
5:15 of 1st period - Shot by Chris Tanev.
5:15 of 1st period - Deflect By Jaromir Jagr.
5:15 of 1st period - Shot Misses the Net.
5:17 of 1st period - Shot by Chris Tanev.
5:17 of 1st period - Shot Blocked by Clayton Stoner.
5:29 of 1st period - Shot by Tyler Ennis.
5:29 of 1st period - Stopped by Jonathan Quick without a rebound.
5:30 of 1st period - Tyler Seguin wins face-off versus Craig Smith in Stars zone.
5:30 of 1st period - Tyler Seguin is hit by Tomas Tatar.
5:59 of 1st period - Icing by Kris Russell.
6:00 of 1st period - Tyler Seguin wins face-off versus Tomas Tatar in Rangers zone.
6:40 of 1st period - Icing by Chris Tanev.
6:41 of 1st period - Tyler Ennis wins face-off versus Tyler Seguin in Rangers zone.
6:50 of 1st period - Zemgus Girgensons is hit by Mark Stuart and loses puck.
7:07 of 1st period - Shot by Jonathan Huberdeau.
7:07 of 1st period - Stopped by Brian Elliott without a rebound.
7:08 of 1st period - Brad Richards wins face-off versus Evgeni Malkin in Rangers zone.
7:40 of 1st period - Shot by Evgeni Malkin.
7:40 of 1st period - Shot Misses the Net.
7:56 of 1st period - Eric Brewer is hit by David Backes and loses puck.
8:27 of 1st period - Icing by Jonathan Huberdeau.
8:28 of 1st period - Sean Couturier wins face-off versus Jonathan Huberdeau in Stars zone.
9:59 of 1st period - Off-side.
10:00 of 1st period - John Mitchell wins face-off versus Lance Bouma in neutral zone.
10:36 of 1st period - Off-side.
10:37 of 1st period - Sean Couturier wins face-off versus Evgeni Malkin in neutral zone.
11:03 of 1st period - Off-side.
11:04 of 1st period - Zemgus Girgensons wins face-off versus Tyler Seguin in neutral zone.
13:05 of 1st period - Shot by David Backes.
13:05 of 1st period - Stopped by Brian Elliott without a rebound.
13:06 of 1st period - Jonathan Huberdeau wins face-off versus Lance Bouma in Rangers zone.
13:41 of 1st period - Shot by Lance Bouma.
13:41 of 1st period - Shot Blocked by Shea Weber.
13:43 of 1st period - Shot by Craig Smith.
13:43 of 1st period - Stopped by Jonathan Quick with a rebound.
13:56 of 1st period - Icing by Olli Maatta.
13:57 of 1st period - Tomas Tatar wins face-off versus Jonathan Huberdeau in Stars zone.
14:06 of 1st period - Shot by Jaromir Jagr.
14:06 of 1st period - Shot Misses the Net.
14:12 of 1st period - Shot by Jaromir Jagr.
14:12 of 1st period - Shot Blocked by Shea Weber.
14:30 of 1st period - Shot by Zemgus Girgensons.
14:30 of 1st period - Shot Blocked by Shea Weber.
14:32 of 1st period - Shot by Anton Volchenkov.
14:32 of 1st period - Deflect By Jaromir Jagr.
14:32 of 1st period - Shot Blocked by Jonathan Huberdeau.
14:34 of 1st period - Shot by Tomas Tatar.
14:34 of 1st period - Deflect By Zemgus Girgensons.
14:34 of 1st period - Shot Misses the Net.
14:52 of 1st period - Shot by Matt Calvert.
14:52 of 1st period - Shot Misses the Net.
15:16 of 1st period - Shot by Matt Calvert.
15:16 of 1st period - Shot Hit the Post.
15:18 of 1st period - Shot by David Jones.
15:18 of 1st period - Deflect By Matt Calvert.
15:18 of 1st period - Stopped by Jonathan Quick without a rebound.
15:19 of 1st period - Evgeni Malkin wins face-off versus Sean Couturier in Stars zone.
15:19 of 1st period - Evgeni Malkin is hit by Sean Couturier.
15:24 of 1st period - Icing by Nikita Kucherov.
15:25 of 1st period - Evgeni Malkin wins face-off versus Lance Bouma in Stars zone.
16:24 of 1st period - Icing by Paul Byron.
16:25 of 1st period - Zemgus Girgensons wins face-off versus Tyler Seguin in Stars zone.
16:52 of 1st period - Shot by Zemgus Girgensons.
16:52 of 1st period - Shot Misses the Net.
16:54 of 1st period - Shot by Jaromir Jagr.
16:54 of 1st period - Shot Misses the Net.
16:59 of 1st period - Minor Penalty to Zemgus Girgensons for Interference.
17:00 of 1st period - Sean Couturier wins face-off versus Tyler Seguin in Rangers zone.
17:14 of 1st period - Icing by Evgeni Malkin.
17:15 of 1st period - Sean Couturier wins face-off versus Tyler Seguin in Stars zone.
18:01 of 1st period - Shot by Mikael Backlund.
18:01 of 1st period - Stopped by Jonathan Quick without a rebound.
18:02 of 1st period - Brad Richards wins face-off versus Paul Byron in Stars zone.
19:37 of 1st period - Patrik Elias is hit by Zemgus Girgensons and loses puck.
19:54 of 1st period - Shot by Lance Bouma.
19:54 of 1st period - Stopped by Jonathan Quick without a rebound.
19:55 of 1st period - Brad Richards wins face-off versus Tyler Seguin in Stars zone.
Goals for this period are 1 for Stars vs 0 for Rangers.
Shots for this period are 5 for Stars vs 7 for Rangers.

2nd period


0:01 of 2nd period - Evgeni Malkin wins face-off versus Zemgus Girgensons in neutral zone.
0:12 of 2nd period - Shot by Evgeni Malkin.
0:12 of 2nd period - Shot Misses the Net.
0:20 of 2nd period - Shot by Nikita Kucherov.
0:20 of 2nd period - Deflect By David Backes.
0:20 of 2nd period - Stopped by Brian Elliott without a rebound.
0:21 of 2nd period - Sean Couturier wins face-off versus Jonathan Huberdeau in Rangers zone.
0:28 of 2nd period - Shot by Sean Couturier.
0:28 of 2nd period - Stopped by Jonathan Quick with a rebound.
1:27 of 2nd period - Shot by Tomas Tatar.
1:27 of 2nd period - Stopped by Jonathan Quick without a rebound.
1:28 of 2nd period - Craig Smith wins face-off versus Nikita Kucherov in Stars zone.
1:37 of 2nd period - Shot by Craig Smith.
1:37 of 2nd period - Stopped by Jonathan Quick without a rebound.
1:38 of 2nd period - Evgeni Malkin wins face-off versus Zemgus Girgensons in Stars zone.
2:06 of 2nd period - Shot by Evgeni Malkin.
2:06 of 2nd period - Deflect By Tyler Seguin.
2:06 of 2nd period - Stopped by Brian Elliott without a rebound.
2:07 of 2nd period - Evgeni Malkin wins face-off versus Sean Couturier in Rangers zone.
2:19 of 2nd period - Shot by Tyler Ennis.
2:19 of 2nd period - Deflect By Mikael Backlund.
2:19 of 2nd period - Shot Misses the Net.
2:39 of 2nd period - Shot by Mikael Backlund.
2:39 of 2nd period - Shot Blocked by Evgeni Malkin.
2:56 of 2nd period - Icing by Mark Stuart.
2:57 of 2nd period - Zemgus Girgensons wins face-off versus Evgeni Malkin in Stars zone.
3:11 of 2nd period - Icing by Alex Goligoski.
3:12 of 2nd period - Tyler Seguin wins face-off versus Zemgus Girgensons in Rangers zone.
3:23 of 2nd period - Shot by Tyler Seguin.
3:23 of 2nd period - Goal by Tyler Seguin - Stars : 2 - Rangers : 0.
3:24 of 2nd period - Jonathan Huberdeau wins face-off versus Lance Bouma in neutral zone.
3:54 of 2nd period - Shot by Patrik Elias.
3:54 of 2nd period - Shot Misses the Net.
3:57 of 2nd period - Icing by Chris Tanev.
3:58 of 2nd period - Lance Bouma wins face-off versus Tyler Seguin in Rangers zone.
4:36 of 2nd period - Shot by Jaromir Jagr.
4:36 of 2nd period - Stopped by Jonathan Quick without a rebound.
4:37 of 2nd period - Sean Couturier wins face-off versus Evgeni Malkin in Stars zone.
4:37 of 2nd period - Tyler Ennis is hit by Zdeno Chara and loses puck.
4:59 of 2nd period - Off-side.
5:00 of 2nd period - Jonathan Huberdeau wins face-off versus Zemgus Girgensons in neutral zone.
5:43 of 2nd period - Shot by Zemgus Girgensons.
5:43 of 2nd period - Shot Misses the Net.
6:23 of 2nd period - Shot by Mikael Backlund.
6:23 of 2nd period - Deflect By Tyler Ennis.
6:23 of 2nd period - Stopped by Jonathan Quick without a rebound.
6:24 of 2nd period - Mikael Backlund wins face-off versus Tyler Seguin in Stars zone.
6:41 of 2nd period - Shot by John Mitchell.
6:41 of 2nd period - Stopped by Brian Elliott without a rebound.
6:42 of 2nd period - Evgeni Malkin wins face-off versus Matt Calvert in Rangers zone.
7:02 of 2nd period - Off-side.
7:03 of 2nd period - Sean Couturier wins face-off versus Tyler Seguin in neutral zone.
7:06 of 2nd period - Shot by Tyler Ennis.
7:06 of 2nd period - Stopped by Jonathan Quick without a rebound.
7:07 of 2nd period - Evgeni Malkin wins face-off versus Sean Couturier in Stars zone.
7:07 of 2nd period - Tyler Seguin is hit by Tyler Ennis.
7:10 of 2nd period - Off-side.
7:11 of 2nd period - Evgeni Malkin wins face-off versus Zemgus Girgensons in neutral zone.
7:32 of 2nd period - Shot by David Backes.
7:32 of 2nd period - Stopped by Brian Elliott without a rebound.
7:33 of 2nd period - Jonathan Huberdeau wins face-off versus Sean Couturier in Rangers zone.
7:37 of 2nd period - Jonathan Huberdeau is hit by Karl Alzner and loses puck.
7:48 of 2nd period - Shot by Patrik Elias.
7:48 of 2nd period - Stopped by Brian Elliott with a rebound.
8:02 of 2nd period - Shot by Ryan Callahan.
8:02 of 2nd period - Stopped by Brian Elliott without a rebound.
8:03 of 2nd period - Zemgus Girgensons wins face-off versus Evgeni Malkin in Rangers zone.
8:14 of 2nd period - Shot by Zemgus Girgensons.
8:14 of 2nd period - Stopped by Jonathan Quick without a rebound.
8:15 of 2nd period - Tyler Seguin wins face-off versus Lance Bouma in Stars zone.
9:36 of 2nd period - Shot by Nikita Kucherov.
9:36 of 2nd period - Shot Blocked by Anton Volchenkov.
9:40 of 2nd period - Shot by Evgeni Malkin.
9:40 of 2nd period - Shot Misses the Net.
9:49 of 2nd period - Minor Penalty to Anton Volchenkov for Hooking.
9:50 of 2nd period - Brad Malone wins face-off versus Sean Couturier in Rangers zone.
9:55 of 2nd period - Shot by Nikita Kucherov.
9:55 of 2nd period - Shot Blocked by Mikael Backlund.
9:57 of 2nd period - Shot by Shea Weber.
9:57 of 2nd period - Shot Misses the Net.
10:19 of 2nd period - Shot by Olli Maatta.
10:19 of 2nd period - Stopped by Brian Elliott with a rebound.
12:54 of 2nd period - Minor Penalty to Tomas Tatar for Hooking.
12:55 of 2nd period - Sean Couturier wins face-off versus Paul Byron in Rangers zone.
13:18 of 2nd period - Shot by Olli Maatta.
13:18 of 2nd period - Shot Blocked by Kris Russell.
13:20 of 2nd period - Shot by Nikita Kucherov.
13:20 of 2nd period - Shot Misses the Net.
14:30 of 2nd period - Shot by Nikita Kucherov.
14:30 of 2nd period - Stopped by Brian Elliott with a rebound.
14:32 of 2nd period - Shot by Shea Weber.
14:32 of 2nd period - Stopped by Brian Elliott without a rebound.
14:33 of 2nd period - Zemgus Girgensons wins face-off versus Paul Byron in Rangers zone.
14:33 of 2nd period - Zemgus Girgensons is hit by Paul Byron.
15:03 of 2nd period - John Mitchell is hit by David Jones and loses puck.
16:03 of 2nd period - Shot by Lance Bouma.
16:03 of 2nd period - Stopped by Jonathan Quick without a rebound.
16:04 of 2nd period - Zemgus Girgensons wins face-off versus Jonathan Huberdeau in Stars zone.
16:17 of 2nd period - Shot by Zemgus Girgensons.
16:17 of 2nd period - Stopped by Jonathan Quick without a rebound.
16:18 of 2nd period - Sean Couturier wins face-off versus Evgeni Malkin in Stars zone.
16:52 of 2nd period - Shot by Tyler Seguin.
16:52 of 2nd period - Stopped by Brian Elliott with a rebound.
17:14 of 2nd period - Eric Brewer is hit by Brad Malone and loses puck.
17:23 of 2nd period - Shot by Jaromir Jagr.
17:23 of 2nd period - Shot Misses the Net.
17:25 of 2nd period - Shot by Jaromir Jagr.
17:25 of 2nd period - Stopped by Jonathan Quick without a rebound.
17:26 of 2nd period - Lance Bouma wins face-off versus Jonathan Huberdeau in Stars zone.
17:31 of 2nd period - Shot by Benoit Pouliot.
17:31 of 2nd period - Stopped by Jonathan Quick without a rebound.
17:32 of 2nd period - Zemgus Girgensons wins face-off versus Jonathan Huberdeau in Stars zone.
17:39 of 2nd period - Chris Tanev is hit by Ryan Callahan and loses puck.
18:18 of 2nd period - Icing by Chris Tanev.
18:19 of 2nd period - Zemgus Girgensons wins face-off versus Evgeni Malkin in Rangers zone.
18:21 of 2nd period - Icing by Tomas Tatar.
18:22 of 2nd period - Evgeni Malkin wins face-off versus Zemgus Girgensons in Rangers zone.
18:22 of 2nd period - Evgeni Malkin is hit by Karl Alzner.
18:27 of 2nd period - Icing by Tomas Tatar.
18:28 of 2nd period - Zemgus Girgensons wins face-off versus Tyler Seguin in Rangers zone.
Goals for this period are 1 for Stars vs 0 for Rangers.
Shots for this period are 11 for Stars vs 11 for Rangers.

3rd period


0:01 of 3rd period - Evgeni Malkin wins face-off versus Zemgus Girgensons in neutral zone.
0:01 of 3rd period - Evgeni Malkin is hit by Zemgus Girgensons.
0:31 of 3rd period - Shot by David Backes.
0:31 of 3rd period - Shot Blocked by Alex Goligoski.
1:43 of 3rd period - Shot by Jonathan Huberdeau.
1:43 of 3rd period - Stopped by Brian Elliott without a rebound.
1:44 of 3rd period - John Mitchell wins face-off versus Lance Bouma in Rangers zone.
1:53 of 3rd period - Shot by Paul Byron.
1:53 of 3rd period - Shot Misses the Net.
1:57 of 3rd period - Shot by Tyler Seguin.
1:57 of 3rd period - Shot Misses the Net.
1:59 of 3rd period - Shot by Vyacheslav Voynov.
1:59 of 3rd period - Shot Misses the Net.
2:01 of 3rd period - Shot by John Mitchell.
2:01 of 3rd period - Shot Blocked by Benoit Pouliot.
3:30 of 3rd period - Shot by Tomas Tatar.
3:30 of 3rd period - Stopped by Jonathan Quick without a rebound.
3:31 of 3rd period - Sean Couturier wins face-off versus Evgeni Malkin in Stars zone.
3:38 of 3rd period - Shot by Mikael Backlund.
3:38 of 3rd period - Shot Misses the Net.
3:40 of 3rd period - Shot by Sean Couturier.
3:40 of 3rd period - Stopped by Jonathan Quick without a rebound.
3:41 of 3rd period - Sean Couturier wins face-off versus Evgeni Malkin in Stars zone.
3:45 of 3rd period - Icing by Olli Maatta.
3:46 of 3rd period - Zemgus Girgensons wins face-off versus Evgeni Malkin in Stars zone.
4:09 of 3rd period - Shot by Nikita Kucherov.
4:09 of 3rd period - Stopped by Brian Elliott with a rebound.
4:15 of 3rd period - Kris Russell is hit by David Backes and loses puck.
4:30 of 3rd period - Shot by Jaromir Jagr.
4:30 of 3rd period - Goal by Jaromir Jagr - Stars : 2 - Rangers : 1.
4:31 of 3rd period - Jonathan Huberdeau wins face-off versus Sean Couturier in neutral zone.
5:29 of 3rd period - Icing by Vyacheslav Voynov.
5:30 of 3rd period - Zemgus Girgensons wins face-off versus Tyler Seguin in Stars zone.
6:50 of 3rd period - Icing by Benoit Pouliot.
6:51 of 3rd period - Ryan Callahan wins face-off versus Lance Bouma in Rangers zone.
7:02 of 3rd period - Patrik Elias is hit by Lance Bouma and loses puck.
7:10 of 3rd period - Off-side.
7:11 of 3rd period - Evgeni Malkin wins face-off versus Sean Couturier in neutral zone.
7:34 of 3rd period - Shot by Evgeni Malkin.
7:34 of 3rd period - Deflect By Nikita Kucherov.
7:34 of 3rd period - Stopped by Brian Elliott without a rebound.
7:35 of 3rd period - Brad Richards wins face-off versus Jonathan Huberdeau in Rangers zone.
7:40 of 3rd period - Alex Goligoski is hit by Ryan Callahan and loses puck.
8:01 of 3rd period - Shot by Jonathan Huberdeau.
8:01 of 3rd period - Stopped by Brian Elliott without a rebound.
8:02 of 3rd period - Evgeni Malkin wins face-off versus Zemgus Girgensons in Rangers zone.
8:17 of 3rd period - Shot by Evgeni Malkin.
8:17 of 3rd period - Stopped by Brian Elliott without a rebound.
8:18 of 3rd period - Tyler Seguin wins face-off versus Tyler Ennis in Rangers zone.
8:25 of 3rd period - Shot by John Mitchell.
8:25 of 3rd period - Stopped by Brian Elliott with a rebound.
8:45 of 3rd period - Icing by Zdeno Chara.
8:46 of 3rd period - Tyler Seguin wins face-off versus Zemgus Girgensons in Stars zone.
8:46 of 3rd period - Tyler Seguin is hit by Tomas Tatar.
9:01 of 3rd period - Shot by Zemgus Girgensons.
9:01 of 3rd period - Shot Misses the Net.
9:27 of 3rd period - Shot by Zemgus Girgensons.
9:27 of 3rd period - Shot Misses the Net.
10:00 of 3rd period - Shot by Nikita Kucherov.
10:00 of 3rd period - Stopped by Brian Elliott with a rebound.
10:02 of 3rd period - Shot by Olli Maatta.
10:02 of 3rd period - Stopped by Brian Elliott with a rebound.
10:17 of 3rd period - Icing by Jonathan Huberdeau.
10:18 of 3rd period - Jonathan Huberdeau wins face-off versus Lance Bouma in Stars zone.
10:39 of 3rd period - Shot by Patrik Elias.
10:39 of 3rd period - Shot Blocked by Anton Volchenkov.
11:23 of 3rd period - Shot by Jaromir Jagr.
11:23 of 3rd period - Stopped by Jonathan Quick without a rebound.
11:24 of 3rd period - Evgeni Malkin wins face-off versus Zemgus Girgensons in Stars zone.
12:21 of 3rd period - Minor Penalty to Tomas Tatar for Slashing.
12:22 of 3rd period - Sean Couturier wins face-off versus Paul Byron in Rangers zone.
12:32 of 3rd period - Icing by Patrik Elias.
12:33 of 3rd period - Nikita Kucherov wins face-off versus Sean Couturier in Stars zone.
12:46 of 3rd period - Shot by Ryan Callahan.
12:46 of 3rd period - Shot Misses the Net.
13:02 of 3rd period - Shot by Nikita Kucherov.
13:02 of 3rd period - Shot Misses the Net.
13:04 of 3rd period - Shot by Paul Byron.
13:04 of 3rd period - Stopped by Brian Elliott with a rebound.
13:06 of 3rd period - Shot by Zdeno Chara.
13:06 of 3rd period - Shot Blocked by Kris Russell.
13:22 of 3rd period - Shot by Olli Maatta.
13:22 of 3rd period - Stopped by Brian Elliott with a rebound.
13:28 of 3rd period - Shot by David Backes.
13:28 of 3rd period - Stopped by Brian Elliott without a rebound.
13:29 of 3rd period - Sean Couturier wins face-off versus Tyler Seguin in Rangers zone.
13:53 of 3rd period - Shot by Olli Maatta.
13:53 of 3rd period - Stopped by Brian Elliott with a rebound.
13:55 of 3rd period - Shot by Tyler Seguin.
13:55 of 3rd period - Shot Misses the Net.
15:27 of 3rd period - Shot by Zemgus Girgensons.
15:27 of 3rd period - Stopped by Jonathan Quick without a rebound.
15:28 of 3rd period - Lance Bouma wins face-off versus Evgeni Malkin in Stars zone.
15:36 of 3rd period - Icing by Rob Scuderi.
15:37 of 3rd period - Zemgus Girgensons wins face-off versus Evgeni Malkin in Stars zone.
16:30 of 3rd period - Off-side.
16:31 of 3rd period - Tyler Seguin wins face-off versus Sean Couturier in neutral zone.
17:47 of 3rd period - Icing by Chris Tanev.
17:48 of 3rd period - Lance Bouma wins face-off versus Evgeni Malkin in Rangers zone.
17:55 of 3rd period - Shot by Lance Bouma.
17:55 of 3rd period - Shot Misses the Net.
17:57 of 3rd period - Shot by Lance Bouma.
17:57 of 3rd period - Stopped by Jonathan Quick without a rebound.
17:58 of 3rd period - Zemgus Girgensons wins face-off versus Evgeni Malkin in Stars zone.
18:19 of 3rd period - Off-side.
18:20 of 3rd period - Lance Bouma wins face-off versus Jonathan Huberdeau in neutral zone.
19:13 of 3rd period - Rangers, Brian Elliott is pulled from the net.
19:38 of 3rd period - Icing by Alex Goligoski.
19:39 of 3rd period - Brian Elliott from Rangers was sent back in the game.
19:39 of 3rd period - Zemgus Girgensons wins face-off versus Evgeni Malkin in Rangers zone.
19:51 of 3rd period - Rangers, Brian Elliott is pulled from the net.
19:51 of 3rd period - Shot by Kris Russell.
19:51 of 3rd period - Stopped by Jonathan Quick with a rebound.
Goals for this period are 0 for Stars vs 1 for Rangers.
Shots for this period are 12 for Stars vs 7 for Rangers.